 Dungeon Crawl Stone Soup version 0.20.0-15-g7f486f2 (webtiles) character file.

177 meatball the Sneak (level 5, -6/26 HPs)
             Began as a Spriggan Assassin on July 1, 2017.
             Was an Initiate of Dithmenos.
             Killed from afar by an orc wizard (7 damage)
             ... with a magic dart
             ... on level 4 of the Dungeon.
             The game lasted 00:27:20 (3591 turns).

meatball the Sneak (Spriggan Assassin)              Turns: 3591, Time: 00:27:20

Health: -6/26      AC:  3    Str:  7    XL:     5   Next: 30%
Magic:  6/6        EV: 20    Int: 12    God:    Dithmenos [......]
Gold:   171        SH:  3    Dex: 19    Spells: 4/4 levels left

rFire    . . .     SeeInvis +   a - +2 dagger
rCold    . . .     Gourm    .   (shield restricted)
rNeg     . . .     Faith    .   c - +0 robe
rPois    .         Spirit   .   (helmet restricted)
rElec    .         Reflect  +   r - +0 cloak
rCorr    .         Harm     .   (gloves unavailable)
MR       .....                  (boots unavailable)
Stlth    ++++......             d - +3 amulet of reflection
Regen    0.1/turn               (no ring)
MPRegen  0.1/turn               (no ring)

@: very quick
A: unfitting armour, see invisible, herbivore 3, speed 3, slow metabolism 2
a: Renounce Religion


You were on level 4 of the Dungeon.
You worshipped Dithmenos.
Dithmenos was noncommittal.
You were not hungry.

You visited 2 branches of the dungeon, and saw 5 of its levels.

You collected 171 gold pieces.

Inventory:

Hand Weapons
 a - a +2 dagger (weapon)
 b - a +0 blowgun
 w - a +0 rapier
Missiles
 e - 21 poisoned needles
 f - 2 curare-tipped needles
 o - 2 needles of sleeping
Armour
 c - a +0 robe (worn)
 r - a +0 cloak (worn)
Jewellery
 d - a +3 amulet of reflection (around neck)
 l - a +2 ring of protection {unknown}
 q - an uncursed amulet of harm {unknown}
Scrolls
 i - a scroll of fear {unknown}
 m - 3 scrolls of teleportation {unknown}
 p - 2 scrolls of noise {unknown}
 s - 3 scrolls of identify
 t - a scroll of fog {unknown}
 u - a scroll of magic mapping {unknown}
 x - a scroll of random uselessness {unknown}
Potions
 j - a potion of flight {unknown}
 k - a potion of heal wounds {unknown}
 v - a potion of brilliance {unknown}
Comestibles
 g - 4 bread rations
 h - a royal jelly
 n - 8 fruits


   Skills:
 - Level 2.0 Fighting
 * Level 3.5 Short Blades
 - Level 2.1 Throwing
 * Level 4.5 Dodging
 * Level 7.3 Stealth


You had 4 spell levels left.
You didn't know any spells.

Dungeon Overview and Level Annotations

Branches:
Dungeon (4/15)             Temple (1/1) D:4

Altars:
Ashenzari
Dithmenos
Elyvilon
Fedhas
Gozag
Hepliaklqana
Makhleb
Nemelex Xobeh
Qazlal
Ru
Sif Muna
Trog
Uskayaw
Vehumet
Xom
Zin


Innate Abilities, Weirdness & Mutations

You are very small and have problems with some larger weapons.
You are too small for most types of armour.
You have supernaturally acute eyesight. (SInv)
You are a herbivore.
You cover ground extremely quickly.
You need consume almost no food.


Message History

The orc wizard is almost dead.
The orc wizard casts a spell.
The orc wizard seems to speed up.
You barely miss the orc wizard.
The orc wizard is almost dead.
The orc wizard closely misses you.
You hit the orc wizard but do no damage.
The orc wizard is almost dead.
The orc wizard barely misses you.
You closely miss the orc wizard.
The orc wizard is almost dead.
The orc wizard gestures at you while chanting.
The magic dart hits you!
* * * LOW HITPOINT WARNING * * *
You barely miss the orc wizard.
The orc wizard is almost dead.
The orc wizard closely misses you.
The orc wizard gestures at you while chanting.
The magic dart hits you!
You die...

..#.........##.........#
#.#..⌠...⌠..#..........#
..........§............#
..#.........#..........#
..##.##.##.##..........#
#........)..##########
<....#.#.#####
...<.#.#o### ... ..#.@.#
#. #...# #...# .....#
###...# #...# #####


You could see an orc wizard.

Vanquished Creatures
  Crazy Yiuf (D:3)
  A hound (D:3)
  4 adders
  A worm (D:2)
  2 dart slugs
  3 orcs
  5 bats
  3 giant cockroaches
  3 goblins (D:1)
  4 hobgoblins
  9 jackals (D:1)
  3 quokkas
  4 frilled lizards
  A jackal skeleton (D:3)
  9 kobolds
  28 rats
81 creatures vanquished.

Notes
Turn   | Place    | Note
-------+----------+-------------------------------------------
     0 | D:1      | meatball the Spriggan Assassin began the quest for the Orb.
     0 | D:1      | Reached XP level 1. HP: 10/10 MP: 2/2
   107 | D:1      | Reached skill level 6 in Stealth
   286 | D:1      | Reached XP level 2. HP: 14/14 MP: 3/3
   784 | D:1      | Reached XP level 3. HP: 16/18 MP: 4/4
  1754 | D:2      | Reached XP level 4. HP: 15/23 MP: 5/5
  2204 | D:3      | Found a runed door.
  2208 | D:3      | Noticed Crazy Yiuf
  2263 | D:3      | Killed Crazy Yiuf
  2263 | D:3      | Reached skill level 7 in Stealth
  2651 | D:3      | Reached XP level 5. HP: 26/26 MP: 6/6
  3317 | D:4      | Found a staircase to the Ecumenical Temple.
  3322 | D:4      | Noticed an orc warrior
  3326 | Temple   | Entered the Ecumenical Temple
  3492 | Temple   | Became a worshipper of Dithmenos the Shadowed
  3590 | D:4      | HP: 1/26 [orc wizard/magic dart (3)]
  3591 | D:4      | Killed from afar by an orc wizard

Skill      XL: |  1  2  3  4 |
---------------+-------------+-----
Stealth        | 6 7 |  7.3
Dodging        | 2 3 4 |  4.5
Fighting       | 2 |  2.0
Short Blades   | 3 |  3.5
Throwing       | |  2.1

Action                   |  1- 3 |  4- 6 || total
-------------------------+-------+-------++-------
Melee: Dagger            |   194 |    98 ||   292
 Fire: Blowgun           |       |     5 ||     5
  Use: Potion            |     1 |       ||     1
       Scroll            |       |     1 ||     1
 Stab: Sleeping          |    19 |    11 ||    30
       Distracted        |       |     1 ||     1
Armor: Robe              |    17 |     5 ||    22
       Skin              |     6 |       ||     6
Dodge: Dodged            |    99 |    52 ||   151
Block: Other             |       |     1 ||     1
